 Dungeon Crawl Stone Soup version 0.31-a0-875-g02e7d12df6 (webtiles) character file.

Game seed: 16390427374627193482

3414 jt the Cudgeller (level 10, -1/87 (88) HPs)
             Began as a Naga Artificer on Oct 12, 2023.
             Was an Initiate of Yredelemnul.
             Slain by a centaur (2 damage)
             ... while paralysed by a hornet
             ... on level 7 of the Dungeon.
             The game lasted 00:22:19 (7294 turns).

jt the Cudgeller (Naga Artificer)                   Turns: 7294, Time: 00:22:20

HP:   -1/87 (88)    AC:  9    Str: 17    XL:     10   Next: 5%
MP:   13/13         EV:  1    Int: 13    God:    Yredelemnul [......]
Gold: 327           SH:  0    Dex: 12    Spells: 6/9 levels left

rFire   . . .        a - +3 whip (elec)
rCold   . . .        (no shield)
rNeg    . . .        b - +0 leather armour
rPois   +            (helmet currently unavailable)
rElec   .            (cloak currently unavailable)
rCorr   .            (gloves currently unavailable)
SInv    +            (no barding)
Will    +....        (no amulet)
Stlth   ++           z - +4 ring of protection
HPRegen 0.34/turn    r - ring of wizardry
MPRegen 0.13/turn

%: wizardry (x1)
@: paralysed, lethally poisoned (-1 -> -18), beast-form, slowed, lightly
drained, very slow
A: beast (slay +2), AC +3, large, see invisible, deformed body, poison
resistance, slowness 2, spit poison 1, naga tail 1
a: Spit Poison, Begin Untransformation, Renounce Religion, Recall Undead Harvest


You were on level 7 of the Dungeon.
You worshipped Yredelemnul.
Yredelemnul was noncommittal.
You were a hulking beast.
You visited 2 branches of the dungeon, and saw 9 of its levels.
You also visited: Sewer and Ossuary.

You collected 439 gold pieces.
You spent 112 gold pieces at shops.

Inventory:

Hand Weapons
 a - a +3 whip of electrocution (weapon)
 h - a +1 dagger of venom
 n - a +0 whip
 q - a +0 morningstar
 s - a +4 quarterstaff of chaos
 t - a +0 spear
 u - a +0 flail
 E - a +6 dagger of draining
 J - a +0 arbalest
Missiles
 f - a throwing net
 g - 5 boomerangs
 j - 54 stones
 y - 4 curare-tipped darts
 B - 17 poisoned darts
Armour
 b - a +0 leather armour (worn)
 k - a +0 ring mail
 v - a +0 scale mail
 I - a +0 cloak
 L - a scarf of invisibility
 M - a +1 hat
 N - a +2 helmet
Jewellery
 r - a ring of wizardry (right hand)
 z - a +4 ring of protection (left hand)
Talismans
 A - a blade talisman
 H - a beast talisman (active)
Wands
 c - a wand of flame (77)
 d - a wand of charming (15)
 e - a wand of iceblast (1)
 O - a wand of roots (6)
Scrolls
 l - 2 scrolls of torment
 m - 4 scrolls of noise
 o - 3 scrolls of immolation
 p - a scroll of butterflies
 x - 2 scrolls of silence
 C - 2 scrolls of teleportation
 D - 2 scrolls of blinking
 K - a scroll of enchant weapon
Potions
 i - 4 potions of curing
 w - a potion of might
 F - 2 potions of brilliance
 G - a potion of haste
 P - a potion of degeneration {unknown}
 Q - a potion of lignification
 R - a potion of heal wounds
 S - a potion of resistance


   Skills:
 - Level 5.0 Fighting
 + Level 7.7 Maces & Flails
 - Level 2.0 Throwing
 - Level 4.4 Armour
 - Level 4.1 Dodging
 - Level 3.0 Stealth
 - Level 4.4 Invocations
 - Level 3.6 Evocations
 - Level 4.2 Shapeshifting


You had 6 spell levels left.
You knew the following spells:

 Your Spells              Type           Power      Damage    Failure   Level
a - Mephitic Cloud        Conj/Pois/Air  0%         N/A       38%         3

Your spell library contained the following spells:

 Spells                   Type           Power      Damage    Failure   Level
 Poisonous Vapours        Pois/Air       0%         N/A       22%         2
 Dazzling Flash           Conj/Hex       0%         N/A       38%         3
 Vhi's Electric Charge    Tloc/Air       0%         N/A       78%         4
 Arcjolt                  Conj/Air       0%         1d10      98%         5
 Fireball                 Conj/Fire      0%         3d3       98%         5
 Freezing Cloud           Conj/Ice/Air   0%         6-21      98%         5
 Conjure Ball Lightning   Conj/Air       0%         3x3d6     100%        6
 Maxwell's Capacitive Co  Air            0%         ∞         100%        8


Dungeon Overview and Level Annotations

Branches:
Dungeon (8/15)             Temple (1/1) D:7           Sewer (visited)
Ossuary (visited)
   Lair: D:8-11

Altars:
Ashenzari
Cheibriados
Dithmenos
Elyvilon
Fedhas
Gozag
Hepliaklqana
Makhleb
Nemelex Xobeh
Okawaru
Qazlal
Sif Muna
Trog
Uskayaw
Vehumet
Wu Jian
Xom
Yredelemnul
Zin
The Shining One

Shops:
D:5 *


Innate Abilities, Weirdness & Mutations

You are a hulking beast.
Your limbs bulge with bestial killing power. (Slay +2)
Your serpentine skin is tough. (AC +3)
You have supernaturally acute eyesight. (SInv)
Armour fits poorly on your strangely shaped body.
Your system is resistant to poisons. (rPois)
You cover ground very slowly.
You can spit poison.
You have a snake-like lower body.


Message History

The bullfrog hits you but does no damage.
You barely miss the hornet.
The hornet is heavily wounded.
You feel sick. The hornet stings you.
You are more poisoned.
The centaur hits you. The centaur misses you. The bullfrog closely misses you.
You miss the hornet.
The hornet is severely wounded.
You feel very sick. The hornet stings you.
You feel yourself slow down. The centaur barely misses you.
The centaur kicks you but does no damage.
The bullfrog completely misses you. The hornet stings you!
You feel as though you will be slow longer.
The centaur hits you but does no damage.
The centaur kicks you but does no damage.
You hit the hornet.
The hornet is severely wounded.
You have got your breath back.
You feel very sick. The bullfrog hits you. The hornet stings you!
You suddenly lose the ability to move!
The centaur hits you but does no damage.
The centaur kicks you.
You feel very sick. The bullfrog hits you.
* * * LOW HITPOINT WARNING * * *
The hornet stings you!
* * * LOW HITPOINT WARNING * * *
You are lethally poisoned!
The centaur completely misses you.
The centaur kicks you but does no damage.
The bullfrog hits you but does no damage.
The hornet stings you!
* * * LOW HITPOINT WARNING * * *
The centaur hits you.
* * * LOW HITPOINT WARNING * * *
The centaur kicks you.
You die...
Your body rises from the dead as a mindless zombie.

###### #....#
########....###########
...............chy....#
########....####F####.#
#....# #....#.# #....#
#..#.#.#
#....####..#.#.#
##.........#.#.#
#.........#.#.#
#......<....#.# ###
#.........###.#


You could see a hornet (poisoned), a bullfrog and a centaur.

Vanquished Creatures
  Pikel (D:6)
  A kobold demonologist (D:7)
  Sigmund (D:6)
  Menkaure (D:7)
  Duvessa (D:7)
  An ice beast (D:5)
  An orc warrior (D:7)
  2 black bears
  2 centaurs (D:7)
  A phantom (D:7)
  4 lemures (D:6)
  An elf zombie (Ossuary)
  A kobold brigand (D:7)
  2 bullfrogs (D:6)
  3 scorpions
  2 wights (D:7)
  Dowan (D:7)
  A howler monkey (D:6)
  2 jellies (D:5)
  2 hounds
  Crazy Yiuf (D:4)
  2 sleepcaps (D:7)
  An orc wizard (D:5)
  5 iguanas
  3 mummies (Ossuary)
  12 adders
  3 gnolls
  A shadow imp (D:4)
  2 white imps (D:4)
  3 ufetubi
  5 adder zombies (Ossuary)
  A worm (D:5)
  2 dart slugs
  8 orcs
  5 bats
  6 endoplasms
  4 giant cockroaches
  3 goblins
  5 hobgoblins
  3 jackals (D:4)
  11 kobolds
  5 quokkas
  8 ball pythons
  13 frilled lizards
  2 goblin zombies (Ossuary)
  2 hobgoblin zombies (Ossuary)
  3 kobold zombies (Ossuary)
  2 quokka zombies (Ossuary)
  5 rats
  3 rat zombies (Ossuary)
160 creatures vanquished.

Vanquished Creatures (collateral kills)
  A troll (D:6)
  A centaur (D:6)
  A hound (D:5)
  An orc priest (D:7)
  An adder (Sewer)
  2 gnolls (D:2)
  A shadow imp (D:4)
  3 orcs
  4 ball pythons
  5 frilled lizards
  2 kobolds
  2 rats
24 creatures vanquished.

Vanquished Creatures (others)
  3 centaur zombies
  A black bear zombie (D:6)
  2 scorpion zombies
  A hound zombie (D:5)
  2 bat zombies
  7 frilled lizard zombies (D:6)
  4 kobold zombies (D:7)
  4 orc zombies (D:7)
24 creatures vanquished.

Grand Total: 208 creatures vanquished

Notes
Turn   | Place    | Note
-------+----------+-------------------------------------------
     0 | D:1      | jt the Naga Artificer began the quest for the Orb.
     0 | D:1      | Reached XP level 1. HP: 18/18 MP: 1/1
   106 | D:1      | Reached XP level 2. HP: 9/25 MP: 2/2
   196 | D:1      | Found a faded altar of an unknown god.
   217 | D:1      | Reached skill level 1 in Dodging
   233 | D:1      | Prayed at the altar of an unknown god.
   233 | D:1      | Became a worshipper of Yredelemnul the Dark
   233 | D:1      | Reached * piety under Yredelemnul
   328 | D:1      | Reached XP level 3. HP: 23/31 MP: 3/3
   982 | D:2      | Reached XP level 4. HP: 34/39 MP: 4/4
  1148 | D:2      | Reached ** piety under Yredelemnul
  2251 | D:3      | Learned a level 3 spell: Mephitic Cloud
  2295 | D:3      | Reached XP level 5. HP: 45/45 MP: 5/5
  2522 | D:3      | Reached skill level 1 in Invocations
  2911 | D:4      | Found a burning altar of Makhleb.
  2912 | D:4      | Found a bloodstained altar of Trog.
  2972 | D:4      | Found a glowing drain.
  2978 | Sewer    | Entered a sewer
  3180 | Sewer    | Reached XP level 6. HP: 50/52 MP: 8/8
  3344 | D:4      | Found a hazy altar of Hepliaklqana.
  3787 | D:4      | Found a glowing silver altar of Zin.
  3790 | D:4      | Found a stormy altar of Qazlal.
  3913 | D:4      | Found a runed translucent door.
  3914 | D:4      | Noticed Crazy Yiuf
  3923 | D:4      | Killed Crazy Yiuf
  4009 | D:5      | Entered Level 5 of the Dungeon
  4013 | D:5      | Reached skill level 1 in Shapeshifting
  4076 | D:5      | Found Kenk's General Store.
  4152 | D:5      | Noticed a black bear
  4161 | D:5      | Killed a black bear
  4162 | D:5      | Reached XP level 7. HP: 55/61 MP: 10/10
  4371 | D:5      | Bought a potion of might for 56 gold pieces
  4371 | D:5      | Bought a scroll of poison for 56 gold pieces
  4508 | D:5      | Found a shimmering blue altar of Sif Muna.
  4738 | D:5      | Reached *** piety under Yredelemnul
  4739 | D:5      | Reached XP level 8. HP: 45/69 MP: 11/11
  5006 | D:6      | Noticed Pikel
  5070 | D:6      | Noticed a troll
  5090 | D:6      | Killed Pikel
  5094 | D:6      | Killed a troll
  5095 | D:6      | Reached XP level 9. HP: 29/80 MP: 12/12
  5221 | D:6      | Reached skill level 5 in Fighting
  5373 | D:6      | Found a sand-covered staircase.
  5379 | D:6      | Reached skill level 1 in Maces & Flails
  5389 | Ossuary  | Entered an ossuary
  5477 | Ossuary  | Reached skill level 2 in Maces & Flails
  5654 | D:6      | Noticed Sigmund
  5661 | D:6      | Killed Sigmund
  5662 | D:6      | Reached skill level 3 in Maces & Flails
  5811 | D:6      | Got a graven book
  6141 | D:7      | Noticed a kobold demonologist
  6146 | D:7      | Reached skill level 4 in Maces & Flails
  6150 | D:7      | Noticed an orange demon
  6397 | D:7      | Noticed Menkaure
  6403 | D:7      | Killed Menkaure
  6404 | D:7      | Reached skill level 5 in Maces & Flails
  6686 | D:7      | Killed a kobold demonologist
  6687 | D:7      | Reached skill level 6 in Maces & Flails
  6736 | D:7      | Reached skill level 7 in Maces & Flails
  6828 | D:7      | Noticed Dowan
  6843 | D:7      | Found a staircase to the Ecumenical Temple.
  6844 | D:7      | Noticed Duvessa
  6857 | D:7      | Killed Dowan
  6861 | D:7      | Killed Duvessa
  6862 | D:7      | Reached XP level 10. HP: 88/88 MP: 13/13
  6876 | Temple   | Entered the Ecumenical Temple
  7293 | D:7      | Paralysed by a hornet for 2 turns
  7294 | D:7      | HP: 1/87 [centaur (6)]
  7294 | D:7      | Slain by a centaur

Illustrated notes

Levels and vault maps discovered:
D:1:      psy_arrival_whirlpool, layout_basic,
          dilly_ecumenical_altar_fadedgnrine
D:2:      layout_basic
D:3:      layout_rooms, serial_co_window_serial, co_window_paths_a,
          co_window_paths_a, co_window_corner_a, co_window_paths_b,
          co_window_paths_b, co_window_paths_c, co_window_paths_c,
          co_window_of_opportunity_c, co_window_sun, glass_columns_b,
          glass_columns_b, hex_intersection, kennysheep_generic_room_2
D:4:      layout_loops_corners, amcnicky_altar_gilded, minitemple,
          gup_sewer_entry_bowl, serial_demonic, serial_demonic_g,
          serial_demonic_d, serial_demonic_c, serial_demonic_f, st_stairs_10,
          uniq_crazy_yiuf_cottage
D:5:      layout_basic, nicolae_overflow_crystal_walls, serial_shops,
          shop_statue, hangedman_minor_gate_pass
D:6:      layout_cave_pods, nicolae_ossuary_entry_false_entrances,
          minmay_lizard_king, uniq_sigmund, uniq_pikel
D:7:      layout_basic, temple_pool_b, uniq_menkaure, uniq_duvessa
D:8:      layout_cave_pools, serial_shops, nicolae_shop_pleasant_corner_grove,
          serial_glass, glass_columns_a, glass_columns_a
Temple:   nicolae_temple_ecumenical_triangle

Skill      XL: |  1  2  3  4  5  6  7  8  9 |
---------------+----------------------------+-----
Stealth        | 3 |  3.0
Dodging        | 1 2 4 |  4.1
Armour         | 2 3 4 |  4.4
Fighting       | 2 3 4 5 |  5.0
Invocations    | 3 4 |  4.4
Shapeshifting  | 2 3 4 |  4.2
Throwing       | 2 |  2.0
Maces & Flails | 7 |  7.7
Evocations     | |  3.6

Action                     |  1- 3 |  4- 6 |  7- 9 | 10-12 || total
---------------------------+-------+-------+-------+-------++-------
  Melee: Club              |    27 |       |       |       ||    27
         Dagger            |    23 |   119 |    74 |       ||   216
         Punch             |     1 |     1 |     2 |     1 ||     5
         Whip              |       |       |   124 |    14 ||   138
  Throw: Boomerang         |       |       |     8 |       ||     8
         Dart              |       |       |     8 |       ||     8
 Invoke: Recall Undead Har |     1 |     3 |       |       ||     4
         Dark Bargain      |       |     1 |     1 |       ||     2
Ability: Spit Poison       |    17 |    26 |    20 |     2 ||    65
  Evoke: Wand              |     2 |       |     7 |       ||     9
    Use: Scroll            |       |     8 |    11 |       ||    19
         Potion            |       |     2 |     8 |       ||    10
   Stab: Sleeping          |     2 |     6 |     2 |       ||    10
         Distracted        |       |     1 |     3 |       ||     4
 Armour: Leather armour    |    30 |    94 |   228 |    47 ||   399
         Skin              |       |     3 |     5 |       ||     8
  Dodge: Dodged            |    24 |    60 |   126 |    22 ||   232
   Form: Beast             |       |     1 |       |       ||     1

Table legend: (Time is in decaauts)
 A = Elapsed time spent in this place.
 B = Non-inter-level travel time spent in this place.
 C = Inter-level travel time spent in this place.
 D = Time resting spent in this place.
 E = Time spent auto-exploring this place.
 F = Levels seen in this place.
 G = Mean time per level.
                   A        B        C        D        E       F      G
               +--------+--------+--------+--------+--------+-----+--------+
         Total |   9385 |   8969 |    416 |   1048 |   5280 |  11 |  853.2 |
       Dungeon |   8830 |   8414 |    416 |   1007 |   5111 |   8 | 1103.8 |
        Temple |      1 |      1 |      0 |      0 |      0 |   1 |    1.0 |
         Sewer |    327 |    327 |      0 |      0 |    166 |   1 |  327.0 |
       Ossuary |    225 |    225 |      0 |     41 |      2 |   1 |  225.0 |
               +--------+--------+--------+--------+--------+-----+--------+

Top non-repeatable levels by time:
     D:2: 1527 daAuts
     D:4: 1475 daAuts
     D:7: 1366 daAuts
     D:6: 1272 daAuts
     D:3: 1168 daAuts
     D:5: 1160 daAuts
     D:1: 838 daAuts
   Sewer: 327 daAuts
 Ossuary: 225 daAuts
     D:8: 22 daAuts
  Temple: 1 daAuts
